 Dungeon Crawl Stone Soup version 0.29.1-12-g30fa7ad0bf (webtiles) character file.

Game seed: 4402003259017050819

3256 croobank the Conjurer (level 9, -3/102 HPs)
             Began as a Demonspawn Conjurer on Dec 20, 2022.
             Was an Initiate of Gozag.
             Slain by a deep elf pyromancer
             ... wielding a +0 long sword
              (5 damage)
             ... on level 7 of the Dungeon.
             The game lasted 00:29:58 (8766 turns).

croobank the Conjurer (Demonspawn Conjurer)         Turns: 8766, Time: 00:29:58

Health: -3/102     AC: 15    Str: 14    XL:     9   Next: 67%
Magic:  0/17       EV: 14    Int: 23    God:    Gozag
Gold:   91         SH:  0    Dex: 12    Spells: 12/19 levels left

rFire   + . .      SeeInvis .   i - +1 quarterstaff (drain)
rCold   . . .      Faith    .   (shield currently unavailable)
rNeg    . . .      Spirit   +   a - +1 robe
rPois   .          Reflect  .   (no helmet)
rElec   .          Harm     .   (no cloak)
rCorr   .          Rampage  .   (no gloves)
Will    .....                   (no boots)
Stlth   ..........              y - amulet of regeneration
HPRegen 1.07/turn               l - ring of protection from fire
MPRegen 0.30/turn               C - +6 ring of strength

@: berserking, sanguine armoured, attractive, very quick
A: magic shield, magic regeneration, sanguine armour 3
a: Renounce Religion, Potion Petition, Call Merchant, Bribe Branch


You were on level 7 of the Dungeon.
You worshipped Gozag.
Gozag was noncommittal.
You visited 2 branches of the dungeon, and saw 8 of its levels.

You collected 813 gold pieces.
You paid 722 gold pieces to Gozag.

Inventory:

Hand Weapons
 e - a +0 dagger
 i - a +1 quarterstaff of draining (weapon)
 x - a +0 morningstar
Missiles
 n - 19 poisoned darts
 s - 3 boomerangs
Armour
 a - a +1 robe (worn)
Jewellery
 c - a +4 ring of slaying
 l - a ring of protection from fire (left hand)
 y - an amulet of regeneration (around neck)
 C - a +6 ring of strength (right hand)
Scrolls
 d - 2 scrolls of poison
 g - 4 scrolls of identify
 j - a scroll of teleportation
 o - a scroll of immolation
 B - 2 scrolls of enchant armour
Potions
 b - a potion of magic
 k - a potion of flight
 q - 2 potions of brilliance
 u - 3 potions of haste {unknown}
 w - 3 potions of curing
 A - 2 potions of mutation {unknown}
 E - 2 potions of lignification {unknown}


   Skills:
 + Level 5.3 Fighting
 + Level 5.6 Dodging
 + Level 6.0 Stealth
 + Level 5.6 Spellcasting
 + Level 7.1 Conjurations
 + Level 2.9 Hexes
 + Level 2.5 Translocations


You had 12 spell levels left.
You knew the following spells:

 Your Spells              Type           Power      Damage    Failure   Level
a - Magic Dart            Conj           100%       1d8       1%          1
b - Searing Ray           Conj           78%        2d7       1%          2
c - Dazzling Flash        Conj/Hex       58%        N/A       3%          3
d - Apportation           Tloc           36%        N/A       3%          1

Your spell library contained the following spells:

 Spells                   Type           Power      Damage    Failure   Level
 Static Discharge         Conj/Air       22%        3-6/arc   3%          2
 Sting                    Tmut/Pois      24%        1d4       9%          1
 Summon Small Mammal      Summ           24%        N/A       9%          1
 Fulminant Prism          Conj/Hex       14%        3d9       11%         4
 Iskenderun's Mystic Bla  Conj/Tloc      28%        2d7       12%         4
 Poisonous Vapours        Pois/Air       12%        N/A       14%         2
 Summon Guardian Golem    Hex/Summ       13%        N/A       14%         3
 Call Canine Familiar     Summ           6%         N/A       26%         3
 Ozocubu's Armour         Ice            6%         N/A       26%         3
 Lightning Bolt           Conj/Air       11%        1d24      50%         5
 Olgreb's Toxic Radiance  Pois           6%         N/A       65%         4
 Metabolic Englaciation   Hex/Ice        6%         N/A       80%         5
 Alistair's Intoxication  Tmut/Pois      4%         N/A       94%         5
 Maxwell's Capacitive Co  Air            3%         ∞         100%        8
 Simulacrum               Ice/Necr       Unusable   N/A       N/A         6

Dungeon Overview and Level Annotations

Branches:
Dungeon (7/15)             Temple (1/1) D:4

Altars:
Fedhas
Gozag
Kikubaaqudgha
Okawaru
Qazlal
Ru
Sif Muna
Uskayaw
Vehumet
Xom


Innate Abilities, Weirdness & Mutations

When hurt, damage is shared between your health and your magic reserves.
You regenerate magic rapidly.
When seriously injured, your blood forms very thick armour. (AC +12)


Message History

The boomerang closely misses the deep elf pyromancer.
The boomerang completely misses the orc priest.
The boomerang barely misses the yak.
The boomerang barely misses you.
The deep elf pyromancer gestures wildly while chanting.
The deep elf pyromancer blinks!
The yak closely misses you. The troll is attracted toward you.
The orc is attracted toward you. The jelly is attracted toward you.
Casting: Dazzling Flash (dangerous; 3% risk of failure)
Confirm with . or Enter, or press ? or * to list all spells.
Casting: Dazzling Flash (dangerous; 3% risk of failure)
Press: ? - help, Dir - look around, f - activate The orc priest is dazzled.
The troll is dazzled.
The orc priest is dazzled.
The orc priest mumbles some strange prayers to Beogh against you.
Beogh smites you!
* * * LOW HITPOINT WARNING * * *
The deep elf pyromancer hits you with a +0 long sword.
The yak barely misses you.
A gnoll comes into view. It is wielding a +0 halberd.
The orc priest is attracted toward you. The orc is attracted toward you.
The jelly is attracted toward you. The gnoll is attracted toward you.
Okay, then.
Okay, then.
Okay, then.
Okay, then.
It was a potion of berserk rage.
A red film seems to cover your vision as you go berserk!
You feel yourself moving faster!
You feel mighty!
The gnoll shouts!
The orc priest hits you but does no damage.
The deep elf pyromancer mumbles some strange words.
The yak gores you!
* * * LOW HITPOINT WARNING * * *
The fire elemental is attracted toward you.
The gnoll is attracted toward you. The orc is attracted toward you.
The jelly is attracted toward you. The orc is attracted toward you.
You closely miss the deep elf pyromancer.
The yak closely misses you.
The deep elf pyromancer hits you with a +0 long sword.
You die...
Your body crumbles into a pile of gold.

# #......########.. #
#.....##.<.......
#########..........###+#
#......##.........##
.....)....[......##.
................##.# #
..............o.#..# .#|#
#...##.########.##h##...##.
#...#######..##.@YoJoJ#.J..
...........)...e##o##oT.##.
..............gE#..# #§#[#
.........[...§§.##.###.##
.................##. ... ###
.......<..........## #.# ##.#
...................###'###..##
#...###..##§.###[..[.........##
#...#######)####....##........##


You could see a deep elf pyromancer, a yak (blind), a fire elemental (summoned),
a hound, a jelly, 2 orc priests, a gnoll and 2 orcs.

Vanquished Creatures
  A deep elf pyromancer (D:6)
  A gargoyle (D:7)
  6 yaks
  2 water moccasins (D:6)
  A sky beast (D:7)
  An ogre (D:6)
  A centaur (D:5)
  A kobold brigand (D:5)
  A bullfrog (D:6)
  A gnoll sergeant (D:5)
  3 scorpions
  3 necrophages
  A howler monkey (D:6)
  A jelly (D:7)
  An orc priest (D:7)
  A hound (D:7)
  A gnoll bouda (D:5)
  3 iguanas (D:5)
  2 orc wizards (D:7)
  23 gnolls
  5 adders
  A white imp (D:6)
  A worm (D:5)
  3 dart slugs
  19 orcs
  11 ball pythons
  4 bats
  9 endoplasms
  6 giant cockroaches
  7 goblins
  5 hobgoblins
  3 jackals (D:2)
  9 kobolds
  A quokka (D:3)
  A frilled lizard (D:1)
  3 rats
143 creatures vanquished.

Vanquished Creatures (others)
  18 fungi
18 creatures vanquished.

Grand Total: 161 creatures vanquished

Notes
Turn   | Place    | Note
-------+----------+-------------------------------------------
     0 | D:1      | croobank the Demonspawn Conjurer began the quest for the
                  | Orb.
     0 | D:1      | Reached XP level 1. HP: 13/13 MP: 3/3
    68 | D:1      | Found a faded altar of an unknown god.
   398 | D:1      | Gained mutation: When seriously injured, your blood forms
                  | armour. (AC +12) [demonic ancestry]
   398 | D:1      | Reached XP level 2. HP: 19/19 MP: 3/5
   401 | D:1      | Learned a level 2 spell: Searing Ray
  1043 | D:1      | Gained mutation: When seriously injured, your blood forms
                  | thick armour. (AC +12) [demonic ancestry]
  1043 | D:1      | Reached XP level 3. HP: 15/24 MP: 0/6
  1047 | D:1      | Learned a level 3 spell: Dazzling Flash
  1789 | D:2      | Reached XP level 4. HP: 30/30 MP: 3/7
  2118 | D:3      | Found an iron altar of Okawaru.
  2267 | D:3      | Found a sacrificial altar of Ru.
  2857 | D:3      | Identified the +3 falchion "Leviticus" {holy, rC+++ rN+
                  | MP-9 Str+4 Int+2}
  2907 | D:3      | Found an ancient bone altar of Kikubaaqudgha.
  3436 | D:4      | Reached skill level 1 in Fighting
  3436 | D:4      | Gained mutation: When seriously injured, your blood forms
                  | very thick armour. (AC +12) [demonic ancestry]
  3436 | D:4      | Reached XP level 5. HP: 20/37 MP: 1/9
  3828 | D:4      | Gained mutation: You regenerate magic rapidly. [demonic
                  | ancestry]
  3828 | D:4      | Reached XP level 6. HP: 38/43 MP: 4/10
  3968 | D:4      | Found a blossoming altar of Fedhas.
  4194 | D:3      | Learned a level 1 spell: Apportation
  4470 | D:4      | Reached skill level 5 in Conjurations
  4639 | D:4      | Found a staircase to the Ecumenical Temple.
  4647 | Temple   | Entered the Ecumenical Temple
  5023 | D:4      | Found an opulent altar of Gozag.
  5129 | D:4      | Became a worshipper of Gozag Ym Sagoz the Greedy
  5544 | D:5      | Entered Level 5 of the Dungeon
  6073 | D:5      | Reached XP level 7. HP: 43/51 MP: 8/12
  6997 | D:6      | Reached XP level 8. HP: 25/58 MP: 10/14
  7188 | D:6      | Reached skill level 6 in Conjurations
  7759 | D:7      | Reached skill level 5 in Stealth
  7849 | D:6      | Reached skill level 5 in Spellcasting
  7849 | D:6      | Reached skill level 1 in Hexes
  7849 | D:6      | Reached skill level 1 in Translocations
  7854 | D:6      | Reached skill level 5 in Dodging
  7933 | D:6      | Gained mutation: When hurt, damage is shared between your
                  | health and your magic reserves. [demonic ancestry]
  7933 | D:6      | Reached XP level 9. HP: 26/66 MP: 10/16
  8087 | D:7      | Noticed a gargoyle
  8132 | D:7      | Killed a gargoyle
  8133 | D:7      | Reached skill level 5 in Fighting
  8274 | D:7      | Noticed a deep elf pyromancer
  8588 | D:6      | Killed a deep elf pyromancer
  8589 | D:6      | Reached skill level 7 in Conjurations
  8744 | D:7      | Noticed a two-headed ogre
  8756 | D:7      | Noticed a deep elf pyromancer
  8756 | D:7      | Noticed a troll
  8765 | D:7      | HP: 1/102 [yak (7)]
  8766 | D:7      | Slain by a deep elf pyromancer

Illustrated notes

Levels and vault maps discovered:
D:1:      minmay_arrival_diagonal_passages, layout_loops_cross,
          dreamdust_ecumenical_altar_angels_and_demons
D:2:      minmay_kobold_bridge, layout_rooms, hangedman_decor_growths
D:3:      layout_loops_ring, nicolae_ru_sacrificial_ziggurat,
          mainiacjoe_overflow_chevrons, okawaru_metal_pillars_1_2,
          lemuel_flame_loot_1
D:4:      layout_loops_corners, fedhas_ov_isle_minmay, grunt_gozag_breadcrumbs,
          temple_green, serial_aquarium, aquarium_bridge_straight
          [aquarium_subvault_bridge, aquarium_subvault_window,
          aquarium_subvault_bridge, aquarium_subvault_wall],
          aquarium_bridge_straight [aquarium_subvault_bridge,
          aquarium_subvault_wall, aquarium_subvault_bridge,
          aquarium_subvault_window], aquarium_window_1, aquarium_window_corner,
          aquarium_window_2, aquarium_view_2d, aquarium_balcony_3b,
          aquarium_pool_2, kennysheep_generic_room_13
D:5:      layout_basic, corexii_shack
D:6:      layout_cave_pools, st_stairs_10
D:7:      minmay_the_grid_octo_triangle [minmay_the_grid_octo_concentric,
          minmay_the_grid_octo_prize_square_snowflake,
          minmay_the_grid_octo_horde], layout_gridville, dreamdust_gnoll_farm
Temple:   nicolae_temple_superstar

Skill      XL: |  1  2  3  4  5  6  7  8  9 |
---------------+----------------------------+-----
Stealth        | 2 3 4 5 6 |  6.0
Dodging        | 2 3 4 5 |  5.6
Fighting       | 1 2 3 4 5 |  5.3
Spellcasting   | 3 4 5 |  5.6
Conjurations   | 5 6 7 |  7.1
Hexes          | 1 2 |  2.9
Translocations | 1 2 |  2.5

Action                   |  1- 3 |  4- 6 |  7- 9 || total
-------------------------+-------+-------+-------++-------
Melee: Dagger            |     4 |    17 |    30 ||    51
       Punch             |       |     1 |     2 ||     3
       Quarterstaff      |       |       |    78 ||    78
 Cast: Magic Dart        |    43 |    48 |    40 ||   131
       Searing Ray       |    13 |    34 |    51 ||    98
       Apportation       |       |    15 |       ||    15
       Dazzling Flash    |       |       |    22 ||    22
Invok: Potion Petition   |       |       |     2 ||     2
  Use: Scroll            |       |       |    16 ||    16
       Potion            |       |       |    10 ||    10
 Stab: Sleeping          |     1 |     4 |     3 ||     8
       Invisible         |       |       |     4 ||     4
Armor: Robe              |     2 |     9 |    63 ||    74
Dodge: Dodged            |     7 |    36 |   171 ||   214
